 Dungeon Crawl Stone Soup version 0.30.0-29-ga12c61a403 (webtiles) character file.

Game seed: 18133311913451660691

182 belegose the Vexing (level 5, 0/25 HPs)
             Began as a Vine Stalker Hexslinger on June 10, 2023.
             Succumbed to an orc's poison
             ... on level 3 of the Dungeon.
             The game lasted 00:07:33 (3004 turns).

belegose the Vexing (Vine Stalker Hexslinger)       Turns: 3004, Time: 00:07:34

Health: 0/25       AC:  2    Str: 12    XL:     5   Next: 62%
Magic:  5/10       EV: 12    Int: 15    God:
Gold:   102        SH:  0    Dex: 15    Spells: 8/9 levels left

rFire   . . .        a - +1 sling
rCold   . . .        (no shield)
rNeg    . . .        c - +0 robe
rPois   .            (no helmet)
rElec   .            (no cloak)
rCorr   .            (no gloves)
SInv    .            (no boots)
Will    .....        (no amulet)
Stlth   ++           (no ring)
HPRegen 1.04/turn    (no ring)
MPRegen 0.12/turn

%: guardian spirit
@: lethally poisoned (0 -> -18), flying
A: fangs 2, regeneration 1, magic shield, antimagic bite, no potion heal 2
a: no special abilities


You were on level 3 of the Dungeon.
You visited 1 branch of the dungeon, and saw 4 of its levels.

You collected 115 gold pieces.
You spent 13 gold pieces at shops.

Inventory:

Hand Weapons
 a - a +1 sling (weapon)
Missiles
 f - 14 poisoned darts
Armour
 c - a +0 robe (worn)
Jewellery
 i - a ring of protection from fire
Scrolls
 b - 2 scrolls of poison
 g - 4 scrolls of vulnerability {unknown}
 j - 4 scrolls of identify {unknown}
 m - a scroll of fog {unknown}
 o - a scroll of fear {unknown}
 p - 2 scrolls of immolation {unknown}
 q - a scroll of butterflies {unknown}
 r - a scroll of brand weapon {unknown}
Potions
 d - a potion of haste {unknown}
 e - a potion of curing {unknown}
 h - a potion of flight
 k - a potion of brilliance {unknown}
 l - a potion of invisibility {unknown}
 n - 2 potions of heal wounds {unknown}


   Skills:
 - Level 0.8 Fighting
 + Level 3.0 Ranged Weapons
 - Level 1.5 Dodging
 + Level 3.2 Stealth
 + Level 2.6 Spellcasting
 - Level 4.0 Hexes


You had 8 spell levels left.
You knew the following spells:

 Your Spells              Type           Power      Damage    Failure   Level
a - Slow                  Hex            56%        N/A       4%          1

Your spell library contained the following spells:

 Spells                   Type           Power      Damage    Failure   Level
 Inner Flame              Hex/Fire       8%         N/A       26%         3
 Portal Projectile        Hex/Tloc       16%        N/A       26%         3
 Cigotuvi's Dreadful Rot  Necr/Pois/Air  4%         N/A       30%         2
 Cause Fear               Hex            7%         N/A       36%         4
 Ignite Poison            Fire/Tmut/Pois 2%         N/A       52%         3
 Volatile Blastmotes      Fire/Tloc      4%         2d10      52%         3
 Fulminant Prism          Conj/Hex       4%         3d5       65%         4
 Iskenderun's Mystic Bla  Conj/Tloc      2%         2d3       90%         4
 Freezing Cloud           Conj/Ice/Air   1%         6-21      99%         5
 Lee's Rapid Deconstruct  Erth           1%         3d4*      99%         5


Dungeon Overview and Level Annotations

Branches:
Dungeon (4/15)
 Temple: D:4-7

Altars:
Hepliaklqana
Sif Muna
Yredelemnul
The Shining One

Shops:
D:1 !(!!


Innate Abilities, Weirdness & Mutations

You have extremely sharp teeth.
Your natural rate of healing is unusually fast.
When hurt, damage is shared between your health and your magic reserves.
Your bite disrupts and absorbs the magic of your enemies.
Potions cannot restore your health.


Message History

You shoot a sling bullet. The sling bullet misses the quokka.
An orc comes into view.
It is wielding a +0 short sword of venom.
You shoot a sling bullet.
The sling bullet closely misses the quokka.
An orc priest comes into view.
It is wielding a +2 flail of protection.
The quokka closely misses you.
The orc priest moves out of view.
The quokka bites you but does no damage.
The orc hits you with a +0 short sword of venom.
You climb upwards.
There is a stone staircase leading down here.
Unknown command.
You shoot a sling bullet. The sling bullet hits the quokka.
You kill the quokka!
The orc misses you.
You shoot a sling bullet.
The sling bullet closely misses the orc.
The orc hits you with a +0 short sword of venom.
You are poisoned.
You shoot a sling bullet.
The sling bullet completely misses the orc.
You feel sick.
The orc hits you with a +0 short sword of venom.
You are more poisoned.
You shoot a sling bullet.
The sling bullet closely misses the orc.
You feel very sick.
The orc hits you with a +0 short sword of venom.
You are lethally poisoned!
You shoot a sling bullet. The sling bullet hits the orc.
The orc is heavily wounded.
* * * LOW HITPOINT WARNING * * *
You feel extremely sick.
The orc hits you with a +0 short sword of venom.
* * * LOW HITPOINT WARNING * * *
You are more poisoned.
The orc barely misses you.
It was a potion of flight.
You feel very buoyant.
You fly up into the air.
You die...

≈≈##.#####.###≈.##.)..#######.###
≈≈#.........#≈≈.##....##.........
≈≈#####.#####≈≈.##....###....#...
.≈≈≈≈≈#.#≈≈≈≈≈..##.#### ##..###..
.≈≈≈≈≈#.#≈≈≈≈≈.##..# #####..#..#
..≈≈≈≈#.#≈≈≈≈...#..####.####.#.##
#..≈≈≈#.#≈≈≈..#..........# #.#.#
##...≈#.#≈...##†.######.## #.#.#
###............@o......# #.#.#
####.....###########.# #...#
####### #.#####'## #.......#
#########


You could see an orc.

Vanquished Creatures
  4 gnolls (D:2)
  6 adders
  2 worms
  2 dart slugs
  7 endoplasms
  3 giant cockroaches
  9 goblins
  8 hobgoblins
  10 jackals
  4 kobolds
  4 quokkas
  5 ball pythons
  8 bats
  A frilled lizard (D:3)
  2 rats (D:1)
75 creatures vanquished.

Notes
Turn   | Place    | Note
-------+----------+-------------------------------------------
     0 | D:1      | belegose the Vine Stalker Hexslinger began the quest for
                  | the Orb.
     0 | D:1      | Reached XP level 1. HP: 9/9 MP: 3/3
     1 | D:1      | Found Wiushrat's Distillery.
    18 | D:1      | Found Acuoso's Distillery.
   120 | D:1      | Reached XP level 2. HP: 14/14 MP: 5/5
   135 | D:1      | Reached skill level 1 in Stealth
   459 | D:1      | Found Etam's Distillery.
   479 | D:1      | Bought a potion of degeneration for 13 gold pieces
   519 | D:1      | Found Qave's Antique Weapon Boutique.
   629 | D:1      | Reached XP level 3. HP: 17/17 MP: 6/6
  1310 | D:2      | Gained mutation: Your natural rate of healing is unusually
                  | fast. [Vine Stalker growth]
  1310 | D:2      | Reached XP level 4. HP: 21/21 MP: 6/8
  1568 | D:2      | Found a shimmering blue altar of Sif Muna.
  1643 | D:2      | Reached XP level 5. HP: 25/25 MP: 5/9
  2146 | D:3      | Found a basalt altar of Yredelemnul.
  2185 | D:3      | Found a hazy altar of Hepliaklqana.
  2494 | D:3      | Found a glowing golden altar of the Shining One.
  2551 | D:3      | Found a faded altar of an unknown god.
  2736 | D:3      | Reached skill level 4 in Hexes
  3004 | D:3      | Succumbed to an orc's poison

Illustrated notes

Levels and vault maps discovered:
D:1:      minmay_arrival_five_plusses, layout_basic, serial_shops, shop,
          nicolae_shop_trees, shop, shop, st_stairs_14
D:2:      layout_basic, basic_altar
D:3:      layout_basic, mainiacjoe_overflow_two_lobes,
          nicolae_tso_swordbearing_angel, hellmonk_ecumenical_altar_dog_temple,
          grunt_decor_junction
D:4:      minmay_opposing_rooms, layout_cave_pools, uniq_duvessa

Skill      XL: |  1  2  3  4  5 |
---------------+----------------+-----
Ranged Weapons | 2 3 |  3.0
Stealth        | 1 2 3 |  3.2
Spellcasting   | 2 |  2.6
Hexes          | 4 |  4.0
Fighting       | |  0.8
Dodging        | |  1.5

Action                     |  1- 3 |  4- 6 || total
---------------------------+-------+-------++-------
   Fire: Sling             |   111 |   168 ||   279
   Cast: Slow              |       |     1 ||     1
    Use: Potion            |       |     1 ||     1
 Armour: Robe              |    11 |    18 ||    29
  Dodge: Dodged            |    33 |    47 ||    80
